 Dungeon Crawl Stone Soup version 0.28-b1-25-g9875b3fc8c (webtiles) character file.

Game seed: 4288270804101065716

434 dorian the Gouger (level 6, 0/25 HPs)
             Began as a Felid Transmuter on Feb 5, 2022.
             Slain by a two-headed ogre (1 damage)
             ... on level 5 of the Dungeon.
             The game lasted 00:13:03 (7720 turns).

dorian the Gouger (Felid Transmuter)                Turns: 7720, Time: 00:13:03

Health: 0/25       AC:  2    Str:  6    XL:     6   Next: 68%
Magic:  7/10       EV: 17    Int: 17    God:
Gold:   215        SH:  0    Dex: 16    Spells: 5/9 levels left
                                        Lives:  0   Deaths: 1

rFire   . . .      SeeInvis +     - Unarmed
rCold   . . .      Faith    .   (shield unavailable)
rNeg    . . .      Spirit   .   (armour unavailable)
rPois   .          Reflect  .   (helmet unavailable)
rElec   .          Harm     .   (cloak unavailable)
rCorr   .          Rampage  .   (gloves unavailable)
Will    .....                   (boots unavailable)
Stlth   +.........              (no amulet)
HPRegen 0.08/turn               (no ring)
MPRegen 0.12/turn               (no ring)

@: about to teleport, quick
A: very small, claws 1, fangs 3, see invisible, speed 1, shaggy fur 2, stealthy
paws, no weapons or thrown items, no armour, multi-lived
a: no special abilities


You were on level 5 of the Dungeon.
You visited 1 branch of the dungeon, and saw 5 of its levels.

You collected 215 gold pieces.

Inventory:

Jewellery
 c - a ring of fire
Scrolls
 a - 2 scrolls of blinking
 g - 3 scrolls of fog {unknown}
 i - 2 scrolls of teleportation
Potions
 b - 2 potions of haste
 d - a potion of mutation
 e - a potion of attraction
 f - a potion of berserk rage
 h - a potion of might {unknown}
 j - a potion of heal wounds {unknown}


   Skills:
 - Level 1.0 Fighting
 - Level 2.6 Dodging
 + Level 8.3 Unarmed Combat
 - Level 2.0 Spellcasting
 - Level 2.1 Transmutations


You had 5 spell levels left.
You knew the following spells:

 Your Spells              Type           Power      Damage    Failure   Level
a - Beastly Appendage     Tmut           18%        N/A       8%          1
b - Wereblood             Tmut           9%         N/A       12%         2
c - Sting                 Tmut/Pois      20%        1d4       12%         1

Your spell library contained the following spells:

 Spells                   Type           Power      Damage    Failure   Level
 Poisonous Vapours        Pois/Air       2%         N/A       28%         2
 Spider Form              Tmut/Pois      5%         N/A       36%         3
 Call Canine Familiar     Summ           1%         N/A       50%         3
 Dazzling Flash           Conj/Hex       2%         N/A       50%         3
 Ice Form                 Ice/Tmut       5%         N/A       77%         4
 Iskenderun's Mystic Bla  Conj/Tloc      1%         2d3       88%         4
 Leda's Liquefaction      Hex/Erth       0%         N/A       88%         4
 Olgreb's Toxic Radiance  Pois           1%         N/A       88%         4
 Starburst                Conj/Fire      0%         6d3       100%        6
 Portal Projectile        Hex/Tloc       Unusable   N/A       N/A         3

Dungeon Overview and Level Annotations

Branches:
Dungeon (5/15)
 Temple: D:4-7

Altars:
Ashenzari
Cheibriados
Okawaru
Zin

Shops:
D:1 =   D:2 (


Innate Abilities, Weirdness & Mutations

You have sharp claws.
You have razor-sharp teeth.
You have supernaturally acute eyesight. (SInv)
You cover ground quickly. (Speed+)
You are covered in thick fur. (AC +2)
Your paws help you pounce on unaware monsters.
You are incapable of wielding weapons or throwing items.
You cannot wear armour.
You gain extra lives every three experience levels.


Message History

Press: ? - help, Shift-Dir - straight line, f/p - two-headed ogre
Aim: a two-headed ogre, wielding two +0 giant clubs (moderately wounded, very poisoned, 85% to hit)
The sting hits the two-headed ogre.
The two-headed ogre looks even sicker.
The two-headed ogre is moderately wounded.
Casting: Sting (safe; 12% risk of failure)
Confirm with . or Enter, or press ? or * to list all spells.
Aiming: Sting (safe; 12% risk of failure)
Press: ? - help, Shift-Dir - straight line, f/p - two-headed ogre
Aim: a two-headed ogre, wielding two +0 giant clubs (moderately wounded, very poisoned, 85% to hit)
The sting hits the two-headed ogre.
The two-headed ogre looks even sicker.
The two-headed ogre is moderately wounded.
There is an escape hatch in the ceiling here.
Casting: Sting (safe; 12% risk of failure)
Confirm with . or Enter, or press ? or * to list all spells.
Aiming: Sting (safe; 12% risk of failure)
Press: ? - help, Shift-Dir - straight line, f/p - two-headed ogre
Aim: a two-headed ogre, wielding two +0 giant clubs (heavily wounded, very poisoned, 85% to hit)
The sting hits the two-headed ogre.
The two-headed ogre looks as sick as possible!
The two-headed ogre is heavily wounded.
There is a stone staircase leading up here.
Casting: Sting (safe; 12% risk of failure)
Confirm with . or Enter, or press ? or * to list all spells.
Aiming: Sting (safe; 12% risk of failure)
Press: ? - help, Shift-Dir - straight line, f/p - two-headed ogre
Aim: a two-headed ogre, wielding two +0 giant clubs (heavily wounded, very poisoned, 85% to hit)
The sting hits the two-headed ogre but does no damage.
The two-headed ogre looks as sick as possible!
The two-headed ogre is heavily wounded.
As you read the scroll of teleportation, it crumbles to dust.
You feel strangely unstable.
You barely miss the two-headed ogre.
You bite the two-headed ogre, but do no damage.
The two-headed ogre is severely wounded.
The ice beast barely misses you.
The two-headed ogre hits you with a +0 giant club!!
Ouch! That really hurt!
* * * LOW HITPOINT WARNING * * *
The two-headed ogre hits you with a +0 giant club.
You die...

###
################
..#
#....<..........
#.#
#<#########.#.#.
#.# #.# #>......
#.# #.# #O#.#.#.
#.# #.# #.#.....
# #.# #.#
#.###.##
#.#.####.# #.#
#.# #.#..Y@O(#
#.# #.#
#...###### #.#
#.## ###.# #.#
#... #.# #.#
#### #.# #.# #.#
#.###### #.#####
#.##.... #.....#
#.##.### #####†#
#.....<.


You could see a two-headed ogre (very poisoned) and an ice beast.

Vanquished Creatures
  A sky beast (D:5)
  A scorpion (D:4)
  A water moccasin zombie (D:5)
  2 howler monkeys (D:5)
  A hound (D:4)
  A jelly (D:4)
  Crazy Yiuf (D:4)
  Jessica (D:3)
  An iguana (D:5)
  Natasha (D:3)
  A hound skeleton (D:4)
  A howler monkey skeleton (D:4)
  2 adders
  An adder skeleton (D:4)
  An adder zombie (D:5)
  A worm (D:5)
  2 orcs (D:3)
  6 ball pythons
  3 endoplasms
  5 giant cockroaches
  8 goblins
  11 hobgoblins
  9 quokkas
  7 bats
  9 frilled lizards (D:1)
  5 kobolds
  3 rats
86 creatures vanquished.

Vanquished Creatures (others)
  43 plants (D:4)
43 creatures vanquished.

Grand Total: 129 creatures vanquished

Notes
Turn   | Place    | Note
-------+----------+-------------------------------------------
     0 | D:1      | dorian the Felid Transmuter began the quest for the Orb.
     0 | D:1      | Reached XP level 1. HP: 9/9 MP: 4/4
    20 | D:1      | Found Pomen's Jewellery Shop.
   401 | D:1      | Found a faded altar of an unknown god.
   628 | D:1      | Reached XP level 2. HP: 12/12 MP: 4/6
   963 | D:1      | Reached skill level 4 in Unarmed Combat
  1308 | D:1      | Reached XP level 3. HP: 12/15 MP: 5/7
  1986 | D:2      | Found Jyhel's Antique Weapon Boutique.
  3048 | D:2      | Learned a level 2 spell: Wereblood
  3050 | D:2      | Learned a level 1 spell: Sting
  3625 | D:3      | Reached XP level 4. HP: 14/19 MP: 6/8
  3831 | D:3      | Reached skill level 5 in Unarmed Combat
  4190 | D:3      | Noticed Jessica
  4200 | D:3      | Killed Jessica
  4340 | D:3      | Noticed Natasha
  4348 | D:3      | Killed Natasha
  4349 | D:3      | Reached XP level 5. HP: 22/22 MP: 6/9
  4641 | D:4      | Identified the +8 mace "Qetoy" {vorpal, rElec}
  4643 | D:4      | Found a runed translucent door.
  4644 | D:4      | Noticed Crazy Yiuf
  5011 | D:4      | Found a snail-covered altar of Cheibriados.
  5145 | D:4      | Reached skill level 6 in Unarmed Combat
  5298 | D:4      | Found an iron altar of Okawaru.
  5653 | D:4      | Gained mutation: You are covered in thick fur. (AC +2)
                  | [Felid growth]
  5653 | D:4      | Reached XP level 6. HP: 18/25 MP: 8/10
  5924 | D:4      | Found a broken altar of Ashenzari.
  6205 | D:4      | HP: 1/37 [poisoned by Crazy Yiuf]
  6205 | D:4      | Mangled by Crazy Yiuf
  6206 | D:4      | Reached XP level 5. HP: -7/33 MP: 9/9
  6241 | D:5      | Entered Level 5 of the Dungeon
  6451 | D:4      | Killed Crazy Yiuf
  6452 | D:4      | Reached skill level 7 in Unarmed Combat
  6971 | D:5      | Reached XP level 6. HP: 19/25 MP: 10/10
  7072 | D:5      | Noticed a two-headed ogre
  7074 | D:5      | Noticed an ice beast
  7188 | D:5      | Noticed a sky beast
  7197 | D:5      | Killed a sky beast
  7198 | D:5      | Reached skill level 8 in Unarmed Combat
  7587 | D:5      | Found a glowing silver altar of Zin.
  7720 | D:5      | HP: 1/25 [two-headed ogre (24)]
  7720 | D:5      | Slain by a two-headed ogre

Illustrated notes

Levels and vault maps discovered:
D:1:      tarquinn_simple_flora_water_e, layout_loops_ring, serial_shops, shop,
          shapermc_ecumenical_altar_venn, minmay_misc_feat_x, minmay_lizard_pond
D:2:      layout_rooms, serial_co_window_serial, co_window_corner_a,
          co_window_paths_a, co_window_of_opportunity_a, co_window_paths_b,
          co_window_corner_a, co_window_corner_b, co_window_2corner,
          co_window_broadway_a, co_window_2corner, co_window_corner_b,
          co_window_corner_ca, co_window_paths_c, co_window_4corner_a,
          glass_columns_b, glass_columns_c, glass_columns_a, glass_columns_b,
          glass_columns_a, serial_shops, nicolae_shop_advertising_works
          [nicolae_subvault_shop_adworks], minmay_misc_feat_alley
D:3:      layout_basic, minmay_stone_trees_medium, minmay_close_crescents,
          uniq_natasha, uniq_jessica
D:4:      layout_basic, mainiacjoe_overflow_cross_hatched,
          mainiacjoe_overflow_catch_the_wave, minmay_misc_feat_rugged,
          uniq_crazy_yiuf_cottage
D:5:      layout_loops_ring, lemuel_round_altar, nicolae_ossuary_entry_catacombs

Skill      XL: |  1  2  3  4  5  6 |
---------------+-------------------+-----
Unarmed Combat | 4 5 7 8 |  8.3
Fighting       | |  1.0
Dodging        | |  2.6
Spellcasting   | |  2.0
Transmutations | |  2.1

Action                   |  1- 3 |  4- 6 || total
-------------------------+-------+-------++-------
Melee: Unarmed           |   139 |   113 ||   252
       Bite              |     7 |    13 ||    20
       Headbutt          |    17 |    17 ||    34
       Punch             |     1 |     2 ||     3
 Cast: Beastly Appendage |    36 |    28 ||    64
       Sting             |       |    19 ||    19
       Wereblood         |       |     1 ||     1
  Use: Scroll            |     4 |     4 ||     8
       Potion            |       |     2 ||     2
 Stab: Sleeping          |     4 |     5 ||     9
Armor: Skin              |     6 |     2 ||     8
Dodge: Dodged            |   111 |    58 ||   169
